 Dungeon Crawl Stone Soup version 0.28.0 (webtiles) character file.

Game seed: 16362100278885725547

117 asishallab the Shield-Bearer (level 4, 0/38 HPs)
             Began as a Draconian Fighter on Feb 7, 2022.
             Killed from afar by an orc wizard (9 damage)
             ... with a puff of flame
             ... on level 3 of the Dungeon.
             The game lasted 00:05:49 (2122 turns).

asishallab the Shield-Bearer (Draconian Fighter)    Turns: 2122, Time: 00:05:51

Health: 0/38       AC:  5    Str: 18    XL:     4   Next: 71%
Magic:  5/5        EV: 12    Int: 11    God:
Gold:   128        SH:  0    Dex: 10    Spells: 5/5 levels left

rFire   . . .      SeeInvis .   a - +0 war axe
rCold   . . .      Faith    .   b - +0 buckler
rNeg    . . .      Spirit   .   (armour unavailable)
rPois   .          Reflect  .   (helmet restricted)
rElec   .          Harm     .   (no cloak)
rCorr   .          Rampage  .   (no gloves)
Will    .....                   (no boots)
Stlth   +.........              (no amulet)
HPRegen 0.12/turn               (no ring)
MPRegen 0.09/turn               (no ring)

@: confused, mighty
A: AC +5, unfitting armour, cold-blooded
a: no special abilities


You were on level 3 of the Dungeon.
You visited 1 branch of the dungeon, and saw 3 of its levels.

You collected 128 gold pieces.

Inventory:

Hand Weapons
 a - a +0 war axe (weapon)
Missiles
 e - 6 silver boomerangs (quivered)
 f - 3 poisoned darts
Armour
 b - a +0 buckler (worn)
Scrolls
 d - a scroll of identify {unknown}
 g - a scroll of noise {unknown}
 h - a scroll of enchant armour {unknown}
 j - a scroll of vulnerability {unknown}
 k - a scroll of teleportation {unknown}


   Skills:
 - Level 3.2 Fighting
 * Level 3.2 Axes
 + Level 3.2 Dodging
 * Level 4.0 Shields
 + Level 1.2 Spellcasting


You had 5 spell levels left.
You didn't know any spells.
Your spell library was empty.

Dungeon Overview and Level Annotations

Branches:
Dungeon (3/15)

Altars:


Innate Abilities, Weirdness & Mutations

Your plain brown scales are hard. (AC +5)
You cannot fit into any form of body armour.
You are cold-blooded and may be slowed by cold attacks.


Message History

The puff of flame hits you!
You closely miss something. Something hits you but does no damage.
Something hits you.
You hit something.
The orc priest calls down the wrath of Beogh upon you.
Beogh smites you! Something hits you but does no damage.
You are too injured to fight recklessly!
It was a potion of curing.
You feel better. Something hits you but does no damage.
Unknown command.
You feel very mighty all of a sudden.
You hear some strange, mumbled words.
Something barely misses you.
You closely miss something. Something hits you.
You closely miss something. Something hits you but does no damage.
You block something's attack.
You closely miss something. Something hits you.
You barely miss something. Something hits you.
Something hits you but does no damage.
You barely miss something. Something hits you.
You hit something.
Reactivating autopickup.
You feel a bit more experienced.
You hear some strange, mumbled words.
A puff of flame appears from out of thin air!
Deactivating autopickup; reactivate with Ctrl-A.
The puff of flame hits you.
* * * LOW HITPOINT WARNING * * *
Your Shields skill increases to level 4!
Found a bubbling grey potion.
The orc priest barely misses you.
You hear some strange, mumbled words.
You are confused.
Things that are here:
a +0 dagger; a +0 robe; an orc corpse You barely miss something.
Your tail-slap misses something.
The orc priest closely misses you.
You hear some strange, mumbled words.
A puff of flame appears from out of thin air!
The puff of flame hits you!
You die...

##+# ##...##
##.....## #
##.......## .##
#.........####)..##.
+.........'.@{o.)...
#.........####o.....
#.......## ...#.
##.....## !##
##...## # ##'##
#####.####
#........#
#.###.##.#


You could see an orc priest and an orc.

Vanquished Creatures
  An orc wizard (D:3)
  2 adders (D:2)
  3 worms
  2 orcs (D:3)
  4 bats
  7 endoplasms
  2 giant cockroaches
  10 goblins
  5 hobgoblins
  3 jackals (D:2)
  4 quokkas
  5 ball pythons
  2 frilled lizards
  7 kobolds
  4 rats
61 creatures vanquished.

Notes
Turn   | Place    | Note
-------+----------+-------------------------------------------
     0 | D:1      | asishallab the Draconian Fighter began the quest for the
                  | Orb.
     0 | D:1      | Reached XP level 1. HP: 19/19 MP: 1/1
   236 | D:1      | Reached XP level 2. HP: 22/26 MP: 2/2
   692 | D:1      | Reached XP level 3. HP: 28/31 MP: 4/4
  1094 | D:2      | Reached skill level 1 in Spellcasting
  1254 | D:2      | Reached XP level 4. HP: 33/38 MP: 5/5
  1356 | D:2      | Found a faded altar of an unknown god.
  2121 | D:3      | Reached skill level 4 in Shields
  2122 | D:3      | Killed from afar by an orc wizard

Illustrated notes

Levels and vault maps discovered:
D:1:      heliophobic_arrival_dark_side_of_the_moon, layout_rooms
D:2:      layout_basic, hellmonk_ecumenical_altar_dog_temple,
          minmay_pentomino_s4
D:3:      layout_loops_corners, fedhas_ov_isle_minmay, serial_bayou_pond_e

Skill      XL: |  1  2  3  4 |
---------------+-------------+-----
Dodging        | 3 |  3.2
Spellcasting   | 1 |  1.2
Axes           | 3 |  3.2
Shields        | 4 |  4.0
Fighting       | |  3.2

Action                   |  1- 3 |  4- 6 || total
-------------------------+-------+-------++-------
Melee: War axe           |    69 |    50 ||   119
       Tailslap          |     2 |     5 ||     7
Throw: Boomerang         |    42 |    12 ||    54
  Use: Potion            |       |     2 ||     2
Armor: Skin              |    22 |    19 ||    41
Dodge: Dodged            |    51 |    24 ||    75
Block: Buckler           |    14 |     6 ||    20
